 Dungeon Crawl Stone Soup version 0.24-a0-507-g3e8b2426 (webtiles) character file.

Game seed: 2037898812443576809

372 DinnerBoy7 the Shield-Bearer (level 7, 0/54 HPs)
             Began as a Formicid Fighter on July 18, 2019.
             Was a Follower of the Shining One.
             Slain by an orc
             ... wielding a +0 flail
              (4 damage)
             ... on level 5 of the Dungeon.
             The game lasted 00:14:46 (3973 turns).

DinnerBoy7 the Shield-Bearer (Formicid Fighter)     Turns: 3973, Time: 00:14:47

Health: 0/54       AC:  3    Str: 21 (23) XL:     7   Next: 2%
Magic:  7/7        EV: 10    Int:  4 (7)  God:    the Shining One [*.....]
Gold:   137        SH:  9    Dex:  7 (10) Spells: 6/6 levels left

rFire    . . .     SeeInvis +   z - +1 long sword
rCold    . . .     Gourm    .   c - +0 shield
rNeg     + + .     Faith    .   v - +1 robe of Instinct {rN++ MR+}
rPois    .         Spirit   .   (helmet unavailable)
rElec    .         Reflect  .   (no cloak)
rCorr    .         Harm     .   (no gloves)
MR       +....                  (no boots)
Stlth    +.........             (no amulet)
HPRegen  0.18/turn              (no ring)
MPRegen  0.10/turn              (no ring)

@: glowing
A: permanent stasis, dig shafts and tunnels, four strong arms, antennae 3
a: Dig, Shaft Self, Renounce Religion


You were on level 5 of the Dungeon.
You worshipped the Shining One.
The Shining One was aware of your devotion.
You were not hungry.

You visited 1 branch of the dungeon, and saw 5 of its levels.

You collected 137 gold pieces.

Inventory:

Hand Weapons
 a - a +0 quarterstaff
 d - a +0 morningstar
 l - a +0 club
 p - a +0 flail
 z - a +1 long sword (weapon)
Missiles
 o - 5 boomerangs (quivered)
Armour
 b - a +0 scale mail
 c - a +0 shield (worn)
 m - a +0 plate armour
 v - the +1 robe of Instinct (worn) {rN++ MR+}
   (You found it on level 4 of the Dungeon)

   It greatly protects you from negative energy.
   It affects your resistance to hostile enchantments.
Jewellery
 q - a +4 ring of dexterity {unknown}
Scrolls
 i - a scroll of magic mapping
 j - 5 scrolls of identify
 k - 2 scrolls of immolation
 t - 2 scrolls of fog
 w - a scroll of amnesia
Potions
 g - a potion of degeneration
 h - a potion of flight {unknown}
 n - a potion of lignification {unknown}
 r - a potion of curing {unknown}
 s - a potion of haste {unknown}
 u - a potion of brilliance {unknown}
 x - a potion of invisibility {unknown}
 A - a potion of agility {unknown}
 B - a potion of heal wounds {unknown}
Comestibles
 f - 11 rations


   Skills:
 + Level 4.1 Fighting
 + Level 1.9 Long Blades
 + Level 4.3 Staves
 - Level 0.2 Throwing
 + Level 4.6 Armour
 + Level 0.7 Dodging
 + Level 4.7 Shields


You had 6 spell levels left.
You didn't know any spells.
Your spell library was empty.

Dungeon Overview and Level Annotations

Branches:
Dungeon (5/15)
 Temple: D:4-7

Altars:
Sif Muna
The Shining One


Innate Abilities, Weirdness & Mutations

You cannot be hasted, slowed, berserked, paralysed or teleported.
You can dig through walls and to a lower floor.
Your four strong arms can wield two-handed weapons with a shield.
You have a pair of large antennae on your head. (SInv)


Message History

The Shining One accepts your kill.
It was a potion of degeneration.
There was something very wrong with that liquid.
You feel weakened.
You feel dopey.
You feel clumsy. The orc hits you with a +0 flail.
* * * LOW HITPOINT WARNING * * *
It was a potion of cancellation.
You feel magically purged.
You block the leopard gecko zombie's attack.
You hit the leopard gecko zombie.
The leopard gecko zombie is almost destroyed.
The orc hits you with a +0 flail.
* * * LOW HITPOINT WARNING * * *
The leopard gecko zombie bites you.
* * * LOW HITPOINT WARNING * * *
You hit the leopard gecko zombie but do no damage.
The leopard gecko zombie is almost destroyed.
The orc closely misses you. The leopard gecko zombie bites you.
* * * LOW HITPOINT WARNING * * *
The orc hits you with a +0 flail.
You die...

.... ..# #...#. ####...
#.## ##.#.#.##. ...
...### ..........##..
#(...# .........#...#
#.#..#
.........#.#.#####...#
...$....##.#.#.....#
......o)#......###.#####
......Z@....#.## #......
#.###....#.##.# ##.....
##.....##.. #...<.
#...#####.# #..... ##...
.# #..).. #.### .#
#..<รท. #.# ## #...).
#.# #..... #.....


You could see an orc and a leopard gecko zombie.

Vanquished Creatures
  A centaur (D:5)
  A water moccasin skeleton (D:4)
  A hound (D:4)
  A bullfrog skeleton (D:4)
  An orc wizard (D:5)
  4 gnolls (D:2)
  4 adders
  An adder zombie (D:5)
  An adder skeleton (D:2)
  2 worms (D:2)
  2 dart slugs
  A leopard gecko (D:4)
  8 orcs
  2 bat skeletons (D:2)
  2 giant cockroaches
  5 hobgoblins (D:1)
  2 quokkas
  A ball python skeleton (D:2)
  3 bats
  2 frilled lizards
  2 giant cockroach zombies (D:2)
  6 goblins
  6 kobolds
  2 quokka skeletons
  7 rats
68 creatures vanquished.

Notes
Turn   | Place    | Note
-------+----------+-------------------------------------------
     0 | D:1      | DinnerBoy7 the Formicid Fighter began the quest for the
                  | Orb.
     0 | D:1      | Reached XP level 1. HP: 18/18 MP: 1/1
   285 | D:1      | Reached XP level 2. HP: 21/24 MP: 2/2
   525 | D:1      | Reached XP level 3. HP: 29/29 MP: 3/3
  1113 | D:2      | Reached XP level 4. HP: 26/35 MP: 4/4
  1485 | D:2      | Found a deep blue altar of Sif Muna.
  1546 | D:2      | You fall into a shaft and drop 2 floors!
  1612 | D:3      | Reached XP level 5. HP: 27/42 MP: 5/5
  1790 | D:3      | Found a faded altar of an unknown god.
  1809 | D:3      | Became a worshipper of the Shining One
  1809 | D:3      | Reached * piety under the Shining One
  2800 | D:4      | Reached XP level 6. HP: 15/48 MP: 6/6
  3495 | D:4      | Reached skill level 1 in Long Blades
  3503 | D:4      | Got a heavily jewelled robe
  3514 | D:4      | Identified the cursed +1 robe of Instinct {rN++ MR+} (You
                  | found it on level 4 of the Dungeon)
  3851 | D:5      | Entered Level 5 of the Dungeon
  3964 | D:5      | Reached XP level 7. HP: 30/54 MP: 7/7
  3973 | D:5      | Slain by an orc

Levels and vault maps discovered:
D:1:      ebering_trefoil_twist, layout_basic, grunt_decor_mini_mirrors,
          nrook_mini_backslash
D:2:      layout_rooms, serial_undead, serial_undead_f, serial_undead_a,
          serial_undead_c, serial_undead_b, lemuel_blue_sif_altar
D:3:      layout_basic, chequers_ecumenical_altar_simple
D:4:      layout_basic, first_ration
D:5:      layout_rooms, minmay_temple_entry_wispy

Skill      XL: |  1  2  3  4  5  6 |
---------------+-------------------+-----
Armour         | 4 |  4.6
Shields        | 4 |  4.7
Staves         | 3 4 |  4.3
Long Blades    | 1 |  1.9
Fighting       | 4 |  4.1
Throwing       | |  0.2
Dodging        | |  0.7

Action                   |  1- 3 |  4- 6 |  7- 9 || total
-------------------------+-------+-------+-------++-------
Melee: Quarterstaff      |    63 |   108 |       ||   171
       Long sword        |       |    31 |     7 ||    38
Throw: Boomerang         |     6 |     2 |       ||     8
  Use: Scroll            |       |     7 |       ||     7
       Potion            |       |     1 |     2 ||     3
  Eat: Chunk             |     1 |     5 |       ||     6
       Ration            |       |     2 |       ||     2
Armor: Scale mail        |    27 |       |       ||    27
       Plate armour      |    10 |    77 |       ||    87
       Robe              |       |     2 |     2 ||     4
Dodge: Dodged            |    18 |    35 |     7 ||    60
Block: Shield            |    31 |    85 |     5 ||   121
       Rpst.: Long sword |       |     2 |     3 ||     5

Table legend:
 A = Non-vault XP
 B = Vault XP
 C = Vault XP percentage of total XP
 D = Non-vault monster count
 E = Vault monster count
 F = Vault count percentage of total count
                 A         B        C        D         E       F
            +---------+---------+-------+---------+---------+-------
      Total |     519 |      13 |   2.4 |      61 |       7 |  10.3
            +---------+---------+-------+---------+---------+-------
        D:1 |      31 |       0 |   0.0 |      19 |       0 |   0.0
        D:2 |     106 |      13 |  10.9 |      16 |       7 |  30.4
        D:3 |      35 |       0 |   0.0 |      12 |       0 |   0.0
        D:4 |     173 |       0 |   0.0 |       6 |       0 |   0.0
        D:5 |     174 |       0 |   0.0 |       8 |       0 |   0.0
            +---------+---------+-------+---------+---------+-------
